 Dungeon Crawl Stone Soup version 0.29-a0-338-g1ff7896281 (webtiles) character file.

Game seed: 2784304015244439804

2181 siradein the Shooter (level 9, 0/92 HPs)
             Began as a Naga Hunter on Apr 15, 2022.
             Slain by a vampire mosquito (2 damage)
             ... on level 8 of the Dungeon on Apr 18, 2022.
             The game lasted 00:15:03 (8242 turns).

siradein the Shooter (Naga Hunter)                  Turns: 8242, Time: 00:15:03

Health: 0/92       AC:  6    Str: 13    XL:     9   Next: 33%
Magic:  9/9        EV: 13    Int:  8    God:
Gold:   259        SH:  0    Dex: 25    Spells: 8/8 levels left

rFire   . . .      SeeInvis +   a - +1 shortbow
rCold   + . .      Faith    .   (shield currently unavailable)
rNeg    . . .      Spirit   .   b - +0 leather armour
rPois   +          Reflect  .   (helmet restricted)
rElec   .          Harm     .   y - +0 cloak
rCorr   .          Rampage  .   (no gloves)
Will    +....                   (no barding)
Stlth   ++........              (no amulet)
HPRegen 0.25/turn               i - ring of flight
MPRegen 0.11/turn               q - +6 ring of dexterity

@: flying, very slow
A: AC +3, large, see invisible, deformed body, poison resistance, slowness 2,
spit poison 1, naga tail 1, beak, cold resistance 1, dopey 1, robust 1
a: Spit Poison


You were on level 8 of the Dungeon.
You visited 1 branch of the dungeon, and saw 8 of its levels.

You collected 317 gold pieces.
You spent 58 gold pieces at shops.

Inventory:

Hand Weapons
 a - a +1 shortbow (weapon)
 u - a +1 short sword of venom
Armour
 b - a +0 leather armour (worn)
 y - a +0 cloak (worn)
Jewellery
 i - a ring of flight (left hand)
 k - an amulet of faith
 q - a +6 ring of dexterity (right hand)
Wands
 v - a wand of polymorph (8)
Scrolls
 c - 2 scrolls of immolation
 e - 3 scrolls of amnesia {unknown}
 g - a scroll of enchant weapon {unknown}
 l - a scroll of enchant armour {unknown}
 n - a scroll of magic mapping {unknown}
 o - 4 scrolls of teleportation
 t - a scroll of fear {unknown}
 w - a scroll of torment {unknown}
Potions
 d - 5 potions of heal wounds
 f - a potion of lignification
 h - 2 potions of flight {unknown}
 j - 2 potions of magic
 m - a potion of ambrosia {unknown}
 p - a potion of might {unknown}
 r - a potion of mutation
 s - 2 potions of curing {unknown}
 x - a potion of attraction {unknown}
 z - 2 potions of brilliance {unknown}
 A - a potion of berserk rage {unknown}


   Skills:
 + Level 6.3 Fighting
 + Level 6.6 Bows
 + Level 4.8 Armour
 + Level 5.2 Dodging
 - Level 1.5 Stealth


You had 8 spell levels left.
You didn't know any spells.
Your spell library was empty.

Dungeon Overview and Level Annotations

Branches:
Dungeon (8/15)
 Temple: D:4-7         Lair: D:8-11

Altars:
Okawaru
Sif Muna
Trog
Uskayaw
Xom

Shops:
D:6 [


Innate Abilities, Weirdness & Mutations

Your serpentine skin is tough. (AC +3)
You have supernaturally acute eyesight. (SInv)
Armour fits poorly on your strangely shaped body.
Your system is resistant to poisons. (rPois)
You cover ground very slowly.
You can spit poison.
You have a snake-like lower body.
You have a beak for a mouth.
Your flesh is cold resistant. (rC+)
You are dopey. (Int -2)
You are robust. (+10% HP)


Message History

Your surroundings suddenly seem different.
The vampire mosquito closely misses you.
There is a stone staircase leading down here.
The vampire mosquito barely misses you.
The vampire mosquito bites you but does no damage.
You fly downwards.
Found 7 gold pieces.
There is a stone staircase leading up here.
Shoot: a) +1 shortbow
Press: ? - help, Q - select action, (/) - cycle Shift-Dir - straight line, f - vampire mosquito
Aim: a vampire mosquito (57% to hit)
You shoot an arrow. The arrow hits the vampire mosquito!
The vampire mosquito is moderately damaged.
The vampire mosquito closely misses you.
The vampire mosquito bites you.
* * * LOW HITPOINT WARNING * * *
The vampire mosquito draws strength from your injuries!
The vampire mosquito closely misses you.
Unknown command.
Shoot: a) +1 shortbow
Press: ? - help, Q - select action, (/) - cycle Shift-Dir - straight line, f/p - vampire mosquito
Aim: a vampire mosquito (lightly damaged, 57% to hit)
You shoot an arrow.
The arrow barely misses the vampire mosquito.
The vampire mosquito closely misses you. x2
Shoot: a) +1 shortbow
Press: ? - help, Q - select action, (/) - cycle Shift-Dir - straight line, f/p - vampire mosquito
Aim: a vampire mosquito (lightly damaged, 57% to hit)
You shoot an arrow. The arrow misses the vampire mosquito.
The vampire mosquito closely misses you.
The vampire mosquito misses you. The vampire mosquito bites you.
* * * LOW HITPOINT WARNING * * *
The vampire mosquito draws strength from your injuries!
Shoot: a) +1 shortbow
Press: ? - help, Q - select action, (/) - cycle Shift-Dir - straight line, f/p - vampire mosquito
Aim: a vampire mosquito (57% to hit)
You shoot an arrow. The arrow hits the vampire mosquito!
The vampire mosquito is heavily damaged.
The vampire mosquito bites you.
You die...

...# ...#
#..# ##..#
#...#
#...#
#.y.#
#.@.#
#...#
.....#
.......#
.....$...#
##########


You could see a vampire mosquito.

Vanquished Creatures
  Sigmund (D:3)
  A wyvern (D:7)
  2 water moccasins (D:6)
  2 sky beasts (D:6)
  An ice beast (D:5)
  A centaur (D:6)
  2 phantoms
  2 bullfrogs
  A necrophage (D:5)
  4 scorpions
  2 gnoll sergeants
  2 orc priests
  Jessica (D:2)
  An iguana (D:5)
  4 orc wizards
  Natasha (thrice) (D:2)
  4 adders
  10 gnolls
  2 shadow imps
  5 white imps
  An ufetubus (D:5)
  3 dart slugs
  24 orcs
  7 bats
  6 endoplasms
  8 giant cockroaches
  9 goblins
  8 hobgoblins
  2 quokkas
  7 ball pythons
  4 frilled lizards
  9 kobolds
  3 rats
142 creatures vanquished.

Vanquished Creatures (others)
  A plant (D:1)
1 creature vanquished.

Grand Total: 143 creatures vanquished

Notes
Turn   | Place    | Note
-------+----------+-------------------------------------------
     0 | D:1      | siradein the Naga Hunter began the quest for the Orb.
     0 | D:1      | Reached XP level 1. HP: 19/19 MP: 1/1
    81 | D:1      | Reached XP level 2. HP: 5/26 MP: 2/2
   374 | D:1      | Reached XP level 3. HP: 21/33 MP: 3/3
   687 | D:1      | Reached skill level 1 in Armour
   795 | D:1      | Found a faded altar of an unknown god.
  1055 | D:2      | Noticed Natasha
  1059 | D:2      | Killed Natasha
  1060 | D:2      | Reached XP level 4. HP: 31/40 MP: 4/4
  1261 | D:2      | Noticed Natasha
  1266 | D:2      | Killed Natasha
  1278 | D:2      | Noticed Jessica
  1282 | D:2      | Killed Jessica
  1283 | D:2      | Reached XP level 5. HP: 47/49 MP: 5/5
  1284 | D:2      | Noticed Natasha
  1293 | D:2      | Killed Natasha
  1413 | D:2      | Reached XP level 6. HP: 17/56 MP: 6/6
  1694 | D:2      | Found a shimmering altar of Xom.
  2103 | D:3      | Noticed Sigmund
  2374 | D:3      | Killed Sigmund
  2375 | D:3      | Reached XP level 7. HP: 50/64 MP: 7/7
  3277 | D:3      | Reached skill level 5 in Bows
  4332 | D:4      | Found a shimmering blue altar of Sif Muna.
  4554 | D:5      | Entered Level 5 of the Dungeon
  4621 | D:5      | Noticed a +0 hand axe
  4621 | D:5      | Noticed a +0 dagger
  4625 | D:5      | Found a hide-covered altar of Uskayaw.
  4936 | D:5      | Gained mutation: You have a beak for a mouth. [potion of
                  | mutation]
  4936 | D:5      | Gained mutation: You are robust. (+10% HP) [potion of
                  | mutation]
  4936 | D:5      | Gained mutation: You are dopey. (Int -2) [potion of
                  | mutation]
  4936 | D:5      | Gained mutation: Your flesh is cold resistant. (rC+)
                  | [potion of mutation]
  5461 | D:5      | Reached XP level 8. HP: 64/80 MP: 8/8
  5588 | D:5      | Reached skill level 5 in Fighting
  6103 | D:5      | Found a bloodstained altar of Trog.
  6103 | D:5      | Found an iron altar of Okawaru.
  6524 | D:6      | Upgraded the game from 0.29-a0-334-gb41bcbb86e to
                  | 0.29-a0-338-g1ff7896281
  7110 | D:6      | Reached XP level 9. HP: 81/90 MP: 9/9
  7316 | D:6      | Reached skill level 5 in Dodging
  7401 | D:6      | Found Tyirgh's Armour Shoppe.
  7404 | D:6      | Bought a +0 cloak for 58 gold pieces
  8239 | D:8      | HP: 4/92 [vampire mosquito (6)]
  8242 | D:8      | Slain by a vampire mosquito

Illustrated notes

Levels and vault maps discovered:
D:1:      minmay_arrival_checkered_box, layout_basic,
          dreamdust_ecumenical_altar_hidden_monk_grotto, minmay_vboxes
D:2:      layout_basic, basic_altar, minmay_liquid_box, minmay_circle_x,
          uniq_natasha, uniq_jessica
D:3:      layout_basic, serial_bayou, serial_bayou_shore_b, serial_bayou_pond_e,
          serial_bayou_crossing, serial_bayou_shore_a, uniq_sigmund
D:4:      layout_cave_pods, mainiacjoe_overflow_boulevard
D:5:      layout_gridville, grunt_temple_overflow_bloody_war,
          dancing_weapons_uskayaw
D:6:      layout_loops_ring, serial_shops, kennysheep_mini_moat
D:7:      layout_cave_pods, minmay_temple_entry_arrows
D:8:      minmay_the_grid_four_pointed_star
          [minmay_the_grid_triangle_9x9_pentomino_pain,
          minmay_the_grid_triangle_9x9_checkered,
          minmay_the_grid_triangle_9x9_sparse_checkered,
          minmay_the_grid_triangle_9x9_semitri,
          minmay_the_grid_prize_inner_circle], layout_gridville

Skill      XL: |  1  2  3  4  5  6  7  8  9 |
---------------+----------------------------+-----
Dodging        | 2 3 4 5 |  5.2
Armour         | 1 2 3 4 |  4.8
Bows           | 4 5 6 |  6.6
Fighting       | 3 4 5 6 |  6.3
Stealth        | |  1.5

Action                   |  1- 3 |  4- 6 |  7- 9 || total
-------------------------+-------+-------+-------++-------
Melee: Unarmed           |       |       |    11 ||    11
 Fire: Shortbow          |    88 |    71 |   351 ||   510
 Abil: Spit Poison       |     1 |    12 |    12 ||    25
  Use: Scroll            |       |       |     5 ||     5
       Potion            |       |       |     1 ||     1
Armor: Leather armour    |     5 |    13 |    53 ||    71
       Skin              |       |       |     1 ||     1
Dodge: Dodged            |    18 |    35 |   162 ||   215

Table legend: (Time is in decaauts)
 A = Elapsed time spent in this place.
 B = Non-inter-level travel time spent in this place.
 C = Inter-level travel time spent in this place.
 D = Time resting spent in this place.
 E = Time spent auto-exploring this place.
 F = Levels seen in this place.
 G = Mean time per level.
                   A        B        C        D        E       F      G
               +--------+--------+--------+--------+--------+-----+--------+
         Total |  10068 |   9873 |    195 |    686 |   8051 |   8 | 1258.5 |
       Dungeon |  10068 |   9873 |    195 |    686 |   8051 |   8 | 1258.5 |
               +--------+--------+--------+--------+--------+-----+--------+

Top non-repeatable levels by time:
     D:5: 2137 daAuts
     D:6: 1943 daAuts
     D:3: 1772 daAuts
     D:2: 1668 daAuts
     D:4: 1148 daAuts
     D:1: 1112 daAuts
     D:7: 281 daAuts
     D:8: 4 daAuts
